 Dungeon Crawl Stone Soup version 0.21.1-1-g345015f (webtiles) character file.

1150 Desreitih the Ruffian (level 8, -11/75 HPs)
             Began as a Troll Berserker on May 18, 2018.
             Was a Priest of Trog.
             Mangled by an ogre
             ... wielding a +0 giant club
              (22 damage)
             ... on level 6 of the Dungeon on May 29, 2018.
             The game lasted 00:17:53 (3707 turns).

Desreitih the Ruffian (Troll Berserker)             Turns: 3707, Time: 00:17:56

Health: -11/75     AC: 11    Str: 25 (28) XL:     8   Next: 15%
Magic:  7/7        EV: 14    Int:  1 (3)  God:    Trog [***...]
Gold:   259        SH:  0    Dex: 12 (14) Spells: 7/7 levels left

rFire    + + .     SeeInvis .     - Unarmed
rCold    x . .     Gourm    +   (no shield)
rNeg     . . .     Faith    .   g - +0 fire dragon scales
rPois    .         Spirit   .   (helmet restricted)
rElec    .         Reflect  .   (no cloak)
rCorr    .         Harm     .   (gloves unavailable)
MR       .....                  (boots unavailable)
Stlth    +.........             (no amulet)
HPRegen  0.62/turn              (no ring)
MPRegen  0.10/turn              (no ring)

@: agile, berserk cooldown, slowed, very slow
A: large, unfitting armour, claws 3, fast metabolism 3, gourmand, regeneration
1, shaggy fur 1, tough skin 2
a: Berserk, Trog's Hand, Burn Spellbooks, Renounce Religion


You were on level 6 of the Dungeon.
You worshipped Trog.
Trog was most pleased with you.
You were near starving.

You visited 1 branch of the dungeon, and saw 6 of its levels.

You collected 259 gold pieces.

Inventory:

Armour
 a - a +0 animal skin
 g - +0 fire dragon scales (worn)
Jewellery
 e - an uncursed amulet of guardian spirit {unknown}
 m - a +3 ring of protection {unknown}
Wands
 f - a wand of digging (8)
Scrolls
 c - a scroll of identify
 d - a scroll of amnesia {unknown}
 h - a scroll of fog {unknown}
 i - a scroll of teleportation {unknown}
 j - a scroll of magic mapping {unknown}
 q - a scroll of blinking {unknown}
Potions
 k - a potion of haste {unknown}
 n - a potion of lignification {unknown}
 o - a potion of curing {unknown}
Books
 s - a book of Air

   Spells                             Type                      Level
   a - Shock                          Conjuration/Air              1
   b - Swiftness                      Charms/Air                   2
   c - Static Discharge               Conjuration/Air              3
   d - Airstrike                      Air                          4
   e - Lightning Bolt                 Conjuration/Air              5
   Trog disapproves of the use of such an item.
Comestibles
 r - a ration


   Skills:
 + Level 3.4 Fighting
 + Level 2.6 Armour
 + Level 4.6 Dodging
 - Level 0.1 Stealth
 + Level 7.7 Unarmed Combat


You had 7 spell levels left.
You didn't know any spells.

Dungeon Overview and Level Annotations

Branches:
Dungeon (6/15)
 Temple: D:4-7

Altars:
Cheibriados
Gozag
Kikubaaqudgha
Sif Muna
Zin


Innate Abilities, Weirdness & Mutations

You are too large for most types of armour.
You have claws for hands.
Your metabolism is lightning-fast.
You like to eat raw meat.
Your natural rate of healing is unusually fast.
You are covered in fur. (AC +1)
You have very tough skin. (AC +2)


Message History

The gnoll hits you but does no damage.
The gnoll hits you from afar with a halberd.
* * * LOW HITPOINT WARNING * * *
The orc closely misses you.
The worker ant zombie completely misses you.
The gnoll hits you with a club.
* * * LOW HITPOINT WARNING * * *
The orc barely misses you. The ogre hits you with a giant club.
* * * LOW HITPOINT WARNING * * *
The orc closely misses you. The gnoll barely misses you.
The gnoll hits you but does no damage. The orc completely misses you.
The gnoll closely misses you.
It was a potion of degeneration.
There was something very wrong with that liquid.
You feel weakened.
You feel dopey.
You feel clumsy. The worker ant zombie bites you.
* * * LOW HITPOINT WARNING * * *
The orc closely misses you. The gnoll closely misses you.
The gnoll barely misses you. The ogre hits you with a giant club!!
You die...

..............
.............
.. ..#.........
#.##.........#
.............#.
#..............
......o.g......
#....Sg@Oa.....
......oZg...#..
.....(.Zog.....
...............
..............#
..............#
##.#.##.###.#.#
...#.##'###.#.#
## #.#......#


You could see an ogre, a worker ant, 4 gnolls, an adder, 3 orcs, a worker ant
zombie and a bullfrog skeleton.

Vanquished Creatures
  An ice beast (D:6)
  2 ogres (D:4)
  A bullfrog (D:3)
  2 scorpions (D:4)
  5 killer bees (D:6)
  A centaur zombie (D:6)
  2 hounds
  A centaur skeleton (D:4)
  4 iguanas
  A bullfrog skeleton (D:4)
  An orc wizard (D:4)
  2 worker ants (D:5)
  7 adders
  A gnoll (D:4)
  A dart slug (D:4)
  3 worms
  6 leopard geckos
  7 orcs
  5 ball pythons
  3 giant cockroaches
  12 goblins
  12 hobgoblins
  6 jackals
  A quokka (D:6)
  4 bats (D:1)
  5 frilled lizards
  A jackal skeleton (D:4)
  9 kobolds
  7 rats
113 creatures vanquished.

Notes
Turn   | Place    | Note
-------+----------+-------------------------------------------
     0 | D:1      | Desreitih the Troll Berserker began the quest for the Orb.
     0 | D:1      | Reached XP level 1. HP: 22/22 MP: 0/0
   151 | D:1      | Reached XP level 2. HP: 24/29 MP: 1/1
   503 | D:1      | Reached XP level 3. HP: 32/36 MP: 2/2
   806 | D:2      | Reached ** piety under Trog
  1131 | D:3      | Reached XP level 4. HP: 44/44 MP: 3/3
  1241 | D:3      | Noticed a bullfrog
  1248 | D:3      | Killed a bullfrog
  1248 | D:3      | Reached skill level 4 in Unarmed Combat
  1283 | D:3      | Found an ancient bone altar of Kikubaaqudgha.
  1336 | D:3      | Reached XP level 5. HP: 44/53 MP: 4/4
  2021 | D:4      | Noticed an ogre
  2022 | D:4      | Noticed an ogre
  2025 | D:4      | Reached *** piety under Trog
  2030 | D:4      | Killed an ogre
  2030 | D:4      | Reached skill level 5 in Unarmed Combat
  2033 | D:4      | Reached XP level 6. HP: 61/61 MP: 5/5
  2166 | D:4      | Reached skill level 6 in Unarmed Combat
  2405 | D:4      | Reached XP level 7. HP: 66/67 MP: 6/6
  2633 | D:4      | Found a snail-covered altar of Cheibriados.
  2957 | D:4      | Reached skill level 1 in Armour
  3055 | D:5      | Entered Level 5 of the Dungeon
  3209 | D:6      | Found a deep blue altar of Sif Muna.
  3268 | D:6      | Found a glowing silver altar of Zin.
  3269 | D:6      | Found an opulent altar of Gozag.
  3390 | D:6      | Reached skill level 7 in Unarmed Combat
  3405 | D:6      | HP: 3/67 [poisoned by a killer bee]
  3406 | D:6      | HP: 1/67 [poisoned by a killer bee]
  3474 | D:6      | Reached XP level 8. HP: 42/75 MP: 7/7
  3707 | D:6      | Mangled by an ogre

Skill      XL: |  1  2  3  4  5  6  7 |
---------------+----------------------+-----
Dodging        | 3 4 |  4.6
Fighting       | 3 |  3.4
Unarmed Combat | 4 5 6 7 |  7.7
Armour         | 2 |  2.6
Stealth        | |  0.1

Action                   |  1- 3 |  4- 6 |  7- 9 || total
-------------------------+-------+-------+-------++-------
Melee: Unarmed           |   103 |   113 |   103 ||   319
       Punch             |     2 |     1 |     2 ||     5
Invok: Berserk           |     1 |     2 |     2 ||     5
  Use: Potion            |     2 |     1 |     6 ||     9
       Scroll            |     2 |       |       ||     2
  Eat: Ration            |     2 |     3 |     3 ||     8
       Chunk             |     1 |     4 |     2 ||     7
Armor: Animal skin       |    73 |    26 |       ||    99
       Fire dragon scale |       |    10 |    91 ||   101
Dodge: Dodged            |    86 |    55 |   104 ||   245
